 Dungeon Crawl Stone Soup version 0.17.1-2-g5865329 (webtiles) character file.

91 NighmareConjurer the Chopper (level 4, -4/41 HPs)
             Began as a Minotaur Berserker on Jan 20, 2016.
             Was a Believer of Trog.
             Killed from afar by a white imp (10 damage)
             ... with a puff of frost
             ... summoned by Natasha
             ... on level 3 of the Dungeon.
             The game lasted 00:13:14 (3209 turns).

NighmareConjurer the Chopper (Minotaur Berserker)   Turns: 3209, Time: 00:13:15

Health: -4/41      AC: 14    Str: 22    XL:     4   Next: 34%
Magic:  3/3        EV:  4    Int:  4    God:    Trog [**....]
Gold:   88         SH:  7    Dex: 10    Spells: 0 memorised, 3 levels left

rFire  + . .     SeeInvis .     a - +0 hand axe
rCold  x . .     Clarity  .     k - +0 plate armour
rNeg   . . .     SustAt   .     s - +0 shield
rPois  .         Gourm    .     (helmet restricted)
rElec  .         Spirit   .     (no cloak)
rCorr  .         Warding  .     (no gloves)
rMut   +         Stasis   .     i - +2 pair of boots
MR     .....                    o - amulet of resist mutation
Stlth  ..........               (no ring)
                                p - ring of fire

@: exhausted, slowed, very slow, not resistant to hostile enchantments,
extremely unstealthy
A: retaliatory headbutt, horns 2
a: Berserk, Trog's Hand, Burn Spellbooks, Renounce Religion


You were on level 3 of the Dungeon.
You worshipped Trog.
Trog was pleased with you.
You were very hungry.

You visited 1 branch of the dungeon, and saw 3 of its levels.

You collected 88 gold pieces.

Inventory:

Hand Weapons
 a - a +0 hand axe (weapon)
Missiles
 u - 2 tomahawks (quivered)
Armour
 i - a +2 pair of boots (worn)
 k - a +0 plate armour (worn)
 s - a +0 shield (worn)
Jewellery
 o - an amulet of resist mutation (around neck)
 p - a ring of fire (left hand)
Wands
 t - a wand of flame (18)
Scrolls
 d - a scroll of immolation {unknown}
 e - 2 scrolls of fear {unknown}
 f - a scroll of enchant weapon {unknown}
 j - a scroll of identify {unknown}
 l - 2 scrolls of remove curse {unknown}
 n - a scroll of noise {unknown}
Potions
 b - 2 potions of resistance {unknown}
 g - a potion of heal wounds {unknown}
 h - a potion of flight {unknown}
 m - a potion of curing {unknown}
 r - a potion of brilliance {unknown}
Comestibles
 c - a beef jerky
 q - 2 fruits


   Skills:
 + Level 4.4 Fighting
 + Level 4.5 Axes
 + Level 3.4 Armour
 + Level 2.8 Dodging
 + Level 0.3 Stealth
 + Level 0.5 Shields


You had 3 spell levels left.
You didn't know any spells.

Dungeon Overview and Level Annotations

Branches:
Dungeon (3/15)

Altars:
Vehumet

Annotations:
D:3 Grinder, Natasha


Innate Abilities, Weirdness & Mutations

You reflexively headbutt those who attack you in melee.
You have a pair of horns on your head.


Message History

The puff of frost hits you! Natasha claws you. Grinder gestures at you.
You barely resist. The white imp gestures at you. The puff of frost hits you!
You feel a terrible chill!
* * * LOW HITPOINT WARNING * * *
The crimson imp blinks!
You're too exhausted to go berserk.
You hit Natasha.
Natasha is heavily wounded.
You closely miss the white imp.
The white imp is moderately wounded.
You closely miss Grinder.
Grinder is moderately wounded.
You closely miss the shadow imp. Natasha claws you but does no damage.
Grinder gestures.
Grinder blinks!
The white imp gestures at you. The puff of frost hits you!
You feel a terrible chill!
You die...

#......
#.#####.#########.
#...... #.....).#######
#. #......
######......... ##
#......########...(.....
#.....†..............
###.......##.........
#5......####.......
#.5.5h5.####.......
#..>.@§............
#.......####.......
######### ####... .##


You could see Grinder, Natasha, a crimson imp, a white imp and a shadow imp.

Vanquished Creatures
  Natasha (D:3)
  2 adders (D:2)
  A giant gecko (D:1)
  3 orcs (D:3)
  6 bats
  2 giant cockroaches (D:1)
  8 goblins
  3 hobgoblins
  3 jackals (D:1)
  4 giant newts
  7 kobolds
  6 rats
46 creatures vanquished.

Notes
Turn   | Place    | Note
--------------------------------------------------------------
     0 | D:1      | NighmareConjurer the Minotaur Berserker began the quest for the Orb.
     0 | D:1      | Reached XP level 1. HP: 19/19 MP: 0/0
   616 | D:1      | Reached XP level 2. HP: 27/27 MP: 1/1
   900 | D:1      | Reached skill level 4 in Fighting
  1538 | D:2      | Reached XP level 3. HP: 18/33 MP: 2/2
  1963 | D:2      | Reached ** piety under Trog
  2534 | D:3      | Found a radiant altar of Vehumet.
  3178 | D:3      | Noticed Natasha
  3179 | D:3      | Noticed Grinder
  3187 | D:3      | Killed Natasha
  3187 | D:3      | Reached XP level 4. HP: 41/41 MP: 3/3
  3188 | D:3      | Paralysed by Grinder for 2 turns
  3191 | D:3      | Noticed Natasha
  3209 | D:3      | Killed from afar by a white imp

Action                   |  1- 3 |  4- 6 || total
-------------------------+-------+-------++-------
Melee: Hand axe          |   105 |     6 ||   111
Invok: Berserk           |     1 |     1 ||     2
  Eat: Bread ration      |     1 |       ||     1
       Fruit             |     2 |       ||     2
       Chunk             |     2 |       ||     2
